 Dungeon Crawl Stone Soup version 0.26-a0-651-gb41185065b (webtiles) character file.

Game seed: 9359900230366932670

9216 kae the Grappler (level 11, -5/77 HPs)
             Began as a Yellow Draconian Transmuter on Oct 12, 2020.
             Was an Elder of Wu Jian.
             Slain by a hell knight
             ... wielding a +0 broad axe of draining
              (6 damage)
             ... on level 10 of the Dungeon.
             The game lasted 00:13:24 (14323 turns).

kae the Grappler (Yellow Draconian Transmuter)     Turns: 14323, Time: 00:13:24

Health: -5/77      AC: 15    Str: 15    XL:     11   Next: 20%
Magic:  9/14       EV: 12    Int: 14    God:    Wu Jian [****..]
Gold:   641        SH:  0    Dex: 12    Spells: 3/14 levels left

rFire    . . .     SeeInvis .     - Unarmed
rCold    . . .     Faith    .   (shield currently unavailable)
rNeg     . . .     Spirit   .   (armour unavailable)
rPois    +         Reflect  .   (helmet restricted)
rElec    .         Harm     .   g - +2 cloak
rCorr    +         Rampage  .   (gloves currently unavailable)
MR       .....                  s - +0 pair of boots {Fly}
Stlth    +.........             z - amulet of regeneration
HPRegen  0.62/turn              r - +4 ring of protection
MPRegen  0.14/turn              l - ring of poison resistance

@: short of breath, blade hands, flying, drained
A: spit acid, unfitting armour, cold-blooded, acid resistance, AC +7
a: Breathe Acid, End Transformation, Wall Jump, Serpent's Lash, Renounce
Religion, Stop Flying


You were on level 10 of the Dungeon.
You worshipped Wu Jian.
Wu Jian was greatly pleased with you.
You had blades for hands.
You visited 2 branches of the dungeon, and saw 11 of its levels.
You also visited: Sewer.

You collected 641 gold pieces.

Inventory:

Hand Weapons
 j - a +3 mace
Armour
 b - a +2 pair of gloves (melded)
 g - a +2 cloak (worn)
 s - a +0 pair of boots of flying (worn)
Jewellery
 d - an uncursed amulet of the acrobat
 h - an uncursed ring of fire
 k - an uncursed amulet of faith
 l - a ring of poison resistance (right scythe-like blade)
 p - a +6 ring of intelligence
 r - a +4 ring of protection (left scythe-like blade)
 t - an uncursed ring of positive energy
 x - a +4 ring of protection
 z - an amulet of regeneration (around neck)
Wands
 o - a wand of paralysis (9)
 u - a wand of polymorph (11)
 v - a wand of iceblast (5)
Scrolls
 a - 6 scrolls of teleportation
 e - 3 scrolls of remove curse
 i - a scroll of magic mapping
 q - 6 scrolls of identify
 y - a scroll of fear
Potions
 c - a potion of haste {unknown}
 f - 3 potions of might
 m - 5 potions of curing
 n - 3 potions of heal wounds
 w - a potion of magic {unknown}


   Skills:
 - Level 1.1(0.4) Fighting
 - Level 1.7(1.1) Dodging
 * Level 14.0(13.1) Unarmed Combat
 - Level 2.0(1.3) Spellcasting
 + Level 10.3(9.5) Transmutations


You had 3 spell levels left.
You knew the following spells:

 Your Spells              Type           Power        Failure   Level
a - Beastly Appendage     Tmut           ####..       12%         1
b - Wereblood             Tmut           ####....     14%         2
c - Spider Form           Tmut/Pois      ##........   47%         3
d - Blade Hands           Tmut           ####......   54%         5

Your spell library contained the following spells:

 Spells                   Type           Power        Failure   Level
 Poisonous Vapours        Pois/Air       #.....       78%         2
 Confusing Touch          Hex            #.......     91%         3
 Conjure Flame            Conj/Fire      #.......     91%         3
 Gell's Gravitas          Tloc           #.........   91%         3
 Mephitic Cloud           Conj/Pois/Air  #.......     91%         3
 Ice Form                 Ice/Tmut       ##......     77%         4
 Petrify                  Tmut/Erth      ##......     77%         4
 Yara's Violent Unravell  Hex/Tmut       ##........   95%         5
 Metabolic Englaciation   Hex/Ice        #.........   100%        5
 Freezing Cloud           Conj/Ice/Air   #.........   100%        6


Dungeon Overview and Level Annotations

Branches:
Dungeon (10/15)            Temple (1/1) D:6            Lair (0/6) D:10
  Sewer (visited)
    Orc: D:9-12

Altars:
Ashenzari
Cheibriados
Dithmenos
Elyvilon
Fedhas
Gozag
Hepliaklqana
Kikubaaqudgha
Makhleb
Nemelex Xobeh
Okawaru
Qazlal
Ru
Sif Muna
Trog
Uskayaw
Vehumet
Wu Jian
Xom
Yredelemnul
Zin
The Shining One

Shops:
D:6 }(

Annotations:
D:4 2 transporters, Flugslaktarn's ghost, amateur DDFi
D:7 Harold


Innate Abilities, Weirdness & Mutations

You can spit globs of acid.
Your golden yellow scales are hard. (AC +7)
You cannot fit into any form of body armour.
You are cold-blooded and may be slowed by cold attacks.
You are resistant to acid. (rCorr)


Message History

Your +2 pair of gloves melds into your body.
The hell hound barks!
You hear a bark!
The hell knight casts a spell at you. Pain shoots through your body!
You hear a bark!
You hear a shout!
You lunge at the hell knight.
You hit the hell knight.
The hell knight is moderately wounded.
The hell knight hits you with a +0 broad axe of draining.
You feel drained. The hell hound completely misses you.
The hell knight points at you and mumbles some strange words.
The bolt of fire hits you!!
* * * LOW HITPOINT WARNING * * *
The hell knight barely misses you.
The hell hound stops to sniff the ground.
The hell hound bites you.
* * * LOW HITPOINT WARNING * * *
The hell knight hits you with a +0 broad axe of draining!!
* * * LOW HITPOINT WARNING * * *
You feel drained.
You die...

##..##....................
#.. #.#############..##..
#... #.#.. ..#..##.. #...
..#.#### #.#(.#### ###
#..#.#.. #.#. # #..#.#h#
#.#.# ##.#.≈p# #.#.#
#.#.≈p# #<#.# ### #.#.@h#
#.#.###.. #.#.#p#
#)#...... #.#.#phh
#.#....#.
#.#.#########.#..###.
#.#......÷....#..# ##
#.####≈≈≈≈≈####.##
#...............#
#################


You could see 4 hell knights and 4 hell hounds.

Vanquished Creatures
  Josephine (D:10)
  A two-headed ogre (D:10)
  A hell knight (D:10)
  A kobold demonologist (D:10)
  A hornet (D:9)
  2 hippogriffs
  4 wraiths (D:10)
  A steam dragon (D:10)
  3 hell hounds (D:10)
  3 ice beasts
  An orc warrior (D:10)
  4 sky beasts
  4 ogres
  2 centaurs
  4 bullfrogs
  13 big kobolds
  A gnoll sergeant (D:6)
  A wyvern skeleton (D:9)
  11 killer bees
  5 scorpions
  A water moccasin skeleton (D:5)
  3 wights (D:9)
  3 howler monkeys (D:9)
  A centaur zombie (D:6)
  3 quasits
  3 jellies (D:9)
  3 centaur skeletons
  2 gnoll shamans (D:6)
  8 hounds
  6 orc wizards
  An iguana (D:9)
  11 worker ants
  Natasha (thrice) (D:2)
  2 hound skeletons (D:9)
  29 gnolls (D:6)
  15 adders
  A white imp (D:10)
  An ufetubus (D:5)
  2 oozes
  2 adder zombies
  An adder skeleton (D:5)
  2 worms
  4 leopard geckos
  18 orcs
  8 giant cockroaches
  11 goblins
  5 hobgoblins
  20 jackals
  19 kobolds
  5 quokkas
  5 ball pythons
  4 bats
  17 frilled lizards
  A jackal skeleton (D:4)
  10 rats
294 creatures vanquished.

Vanquished Creatures (others)
  A kobold (D:10)
  A fungus (D:10)
  2 plants (D:6)
4 creatures vanquished.

Grand Total: 298 creatures vanquished

Notes
Turn   | Place    | Note
-------+----------+-------------------------------------------
     0 | D:1      | kae the Draconian Transmuter began the quest for the Orb.
     0 | D:1      | Reached XP level 1. HP: 16/16 MP: 3/3
   333 | D:1      | Reached XP level 2. HP: 20/23 MP: 3/5
  1103 | D:2      | Reached XP level 3. HP: 28/28 MP: 4/6
  1275 | D:2      | Reached skill level 4 in Unarmed Combat
  1789 | D:2      | Noticed Natasha
  1813 | D:2      | Killed Natasha
  1813 | D:2      | Reached XP level 4. HP: 14/35 MP: 5/7
  1817 | D:2      | Learned a level 2 spell: Wereblood
  1821 | D:2      | Learned a level 3 spell: Spider Form
  2331 | D:2      | Noticed Natasha
  2342 | D:2      | Killed Natasha
  2654 | D:2      | Noticed Natasha
  2851 | D:2      | Killed Natasha
  2851 | D:2      | Reached skill level 5 in Unarmed Combat
  2851 | D:2      | Reached XP level 5. HP: 32/40 MP: 5/8
  3115 | D:3      | Found a faded altar of an unknown god.
  3331 | D:3      | Found an iron altar of Okawaru.
  4210 | D:4      | Found a transporter.
  4214 | D:4      | Found a transporter.
  4214 | D:4      | Noticed a phantom
  4214 | D:4      | Noticed Flugslaktarn's ghost (amateur DDFi)
  4482 | D:4      | Found a glowing drain.
  4530 | D:4      | Reached XP level 6. HP: 9/47 MP: 9/9
  4560 | Sewer    | Entered a sewer
  5209 | Sewer    | Reached skill level 6 in Unarmed Combat
  6430 | D:5      | Entered Level 5 of the Dungeon
  6437 | D:5      | Noticed a sky beast
  6447 | D:5      | Killed a sky beast
  6447 | D:5      | Your scales start taking on a golden yellow colour.
  6447 | D:5      | Reached XP level 7. HP: 42/52 MP: 7/10
  6447 | D:5      | Gained mutation: You are resistant to acid. (rCorr) [Yellow
                  | Draconian growth]
  6627 | D:5      | Reached skill level 7 in Unarmed Combat
  6846 | D:5      | Reached skill level 5 in Transmutations
  7382 | D:5      | Reached skill level 8 in Unarmed Combat
  7723 | D:5      | Reached XP level 8. HP: 59/59 MP: 7/11
  7832 | D:6      | Found Ethoif's Gadget Shoppe.
  8287 | D:6      | Found a staircase to the Ecumenical Temple.
  8406 | Temple   | Entered the Ecumenical Temple
  8448 | Temple   | Became a worshipper of the Wu Jian Council
  8476 | D:6      | Reached skill level 9 in Unarmed Combat
  8496 | D:6      | Found Modusuar's Weapon Emporium.
  9207 | D:6      | Reached * piety under Wu Jian
  9897 | D:7      | Noticed a hippogriff
  9907 | D:7      | Killed a hippogriff
  9907 | D:7      | Reached skill level 10 in Unarmed Combat
  9907 | D:7      | Reached XP level 9. HP: 40/64 MP: 8/12
 10112 | D:7      | Noticed Harold
 10733 | D:8      | Reached ** piety under Wu Jian
 11256 | D:8      | Reached skill level 11 in Unarmed Combat
 11447 | D:8      | Learned a level 5 spell: Blade Hands
 12134 | D:9      | Found a sacrificial altar of Ru.
 12775 | D:9      | Reached XP level 10. HP: 59/71 MP: 9/13
 13017 | D:9      | Found a white marble altar of Elyvilon.
 13072 | D:10     | Entered Level 10 of the Dungeon
 13084 | D:10     | Noticed a two-headed ogre
 13084 | D:10     | Noticed a two-headed ogre
 13097 | D:10     | Killed a two-headed ogre
 13097 | D:10     | Reached skill level 12 in Unarmed Combat
 13204 | D:10     | Reached *** piety under Wu Jian
 13435 | D:10     | Found a staircase to the Lair.
 13473 | D:10     | Noticed Josephine
 13486 | D:10     | Killed Josephine
 13486 | D:10     | Reached skill level 13 in Unarmed Combat
 13503 | D:10     | HP: 3/71 [hellwing[a kobold demonologist] (7)]
 13503 | D:10     | HP: 1/71 [kobold demonologist/+0 dagger (2)]
 13597 | D:10     | Noticed a rust devil
 13610 | D:10     | Reached skill level 10 in Transmutations
 13703 | D:10     | Reached XP level 11. HP: 77/77 MP: 14/14
 13895 | D:10     | Reached **** piety under Wu Jian
 14034 | D:10     | Noticed a hell knight
 14046 | D:10     | Killed a hell knight
 14046 | D:10     | Reached skill level 14 in Unarmed Combat
 14158 | D:10     | Noticed a hell knight
 14265 | D:10     | Noticed a hell knight
 14307 | D:10     | Noticed a hell knight
 14314 | D:10     | Noticed a hell knight
 14323 | D:10     | HP: 1/77 [hell knight/+0 broad axe of draining (18)]
 14323 | D:10     | Slain by a hell knight

Illustrated notes

Levels and vault maps discovered:
D:1:      dpeg_arrival_water_temple_mockup, layout_basic
D:2:      layout_basic, serial_glass, glass_columns_a, glass_columns_b,
          item_on_display_a, item_on_display_a, minmay_strange_pillars,
          uniq_natasha
D:3:      layout_basic, chequers_ecumenical_altar_simple,
          okawaru_metal_pillars_3
D:4:      layout_basic, gammafunk_ghost_mausoleum, gup_sewer_entry_glass
D:5:      layout_loops_ring, minmay_quadrilaterals
D:6:      lemuel_castle_with_subvaults [lemuel_castle_interior_carwin_2],
          layout_loops_ring, minmay_temple_entry_mini_moons, serial_shops,
          nicolae_shop_window_shopping, shop, minmay_microvault
D:7:      layout_basic, uniq_harold
D:8:      layout_rooms
D:9:      minmay_evil_eye, layout_basic, kennysheep_mini, hangedman_ru_absence
D:10:     layout_cave_pools, lair_entry_dummy, special_room
          [special_room_kobold], fungi_pond_lemuel, minmay_rotating_lava,
          uniq_josephine
Temple:   nicolae_temple_the_god_donut

Skill      XL: |  1  2  3  4  5  6  7  8  9 10 11 |
---------------+----------------------------------+-----
Unarmed Combat | 4 5 6 8 10 11 13 14 | 14.0
Transmutations | 3 4 5 7 8 10 | 10.3
Fighting       | |  1.1
Dodging        | |  1.7
Spellcasting   | |  2.0

Action                   |  1- 3 |  4- 6 |  7- 9 | 10-12 || total
-------------------------+-------+-------+-------+-------++-------
Melee: Unarmed           |   125 |    72 |   389 |   196 ||   782
       Kick              |     9 |     9 |       |       ||    18
       Headbutt          |     9 |     3 |       |       ||    12
       Tailslap          |     8 |     8 |    18 |    21 ||    55
       Mace              |    33 |   183 |    78 |       ||   294
       Punch             |     2 |     2 |     4 |    13 ||    21
 Cast: Beastly Appendage |    24 |    28 |     3 |       ||    55
       Spider Form       |       |     9 |    46 |     2 ||    57
       Wereblood         |       |     1 |       |       ||     1
       Blade Hands       |       |       |     2 |     8 ||    10
Invok: Lunge             |       |       |    33 |    14 ||    47
       Whirlwind         |       |       |     3 |    30 ||    33
 Abil: Breathe Acid      |       |       |     1 |     3 ||     4
Evoke: Wand              |       |       |       |     4 ||     4
  Use: Scroll            |     3 |    11 |     8 |     4 ||    26
       Potion            |     2 |     2 |       |     1 ||     5
 Stab: Sleeping          |       |     2 |     3 |       ||     5
Armor: Skin              |    50 |   107 |   147 |    73 ||   377
Dodge: Dodged            |   113 |   226 |   440 |    85 ||   864

Table legend: (Time is in decaauts)
 A = Elapsed time spent in this place.
 B = Non-inter-level travel time spent in this place.
 C = Inter-level travel time spent in this place.
 D = Time resting spent in this place.
 E = Time spent auto-exploring this place.
 F = Levels seen in this place.
 G = Mean time per level.
                   A        B        C        D        E       F      G
               +--------+--------+--------+--------+--------+-----+--------+
         Total |  14428 |  13986 |    442 |   2574 |   9004 |  12 | 1202.3 |
       Dungeon |  13291 |  12861 |    430 |   2225 |   8444 |  10 | 1329.1 |
        Temple |     54 |     43 |     11 |      0 |     31 |   1 |   54.0 |
         Sewer |   1082 |   1082 |      0 |    349 |    529 |   1 | 1082.0 |
               +--------+--------+--------+--------+--------+-----+--------+

Top non-repeatable levels by time:
     D:2: 2266 daAuts
     D:6: 1895 daAuts
     D:9: 1768 daAuts
     D:5: 1401 daAuts
     D:4: 1249 daAuts
   Sewer: 1082 daAuts
    D:10: 1065 daAuts
     D:1: 1059 daAuts
     D:3: 927 daAuts
     D:7: 835 daAuts
     D:8: 822 daAuts
  Temple: 54 daAuts
